| TOP OF THE 1ST |
|
Miami (APP) Marlins batting - Pitching for Bristol Pirates : RHP George Sechler
|
|
Pitching: RHP George Sechler
|
|
|
Batting: RHB Adrian Bocker
|
0-0: Called Strike 0-1: Called Strike 0-2: Ball 1-2: Ball 2-2: Ball 3-2: Strikes out swinging
|
|
Batting: RHB Jason Thrash
|
0-0: Ball 1-0: Ground out 5-3 (Groundball, 56S, EV 85.6 MPH)
|
|
Batting: RHB Mario Cota
|
0-0: Called Strike 0-1: Swinging Strike 0-2: Ball 1-2: Ball 2-2: Ball 3-2: Ground out 4-3 (Groundball, 4M, EV 88.1 MPH)
|
| Top of the 1st over - 0 runs, 0 hits, 0 errors, 0 left on base; Miami (APP) 0 - Bristol 0 |
| BOTTOM OF THE 1ST |
|
Bristol Pirates batting - Pitching for Miami (APP) Marlins : RHP Jeremy Akande
|
|
Pitching: RHP Jeremy Akande
|
|
|
Batting: LHB Ruben Garza
|
0-0: Swinging Strike 0-1: Reached on error, E3 (Groundball, 3, EV 91.9 MPH)
|
|
Batting: RHB Randy Bergman
|
0-0: Called Strike 0-1: Foul Ball, location: 2F 0-2: Strikes out looking
|
|
Batting: LHB Randy Boone
|
0-0: SINGLE (Groundball, 34, EV 98.1 MPH) Ruben Garza to second Runner from 2nd tries for 3rd, SAFE, throw by RF made to third
|
|
Batting: RHB Etsuro Hosokawa
|
0-0: Called Strike 0-1: Called Strike Randy Boone steals 2nd base 0-2: Ball 1-2: Ball 2-2: Strikes out swinging
|
|
Batting: LHB Tomohiro Yokoyama
|
0-0: Called Strike 0-1: Foul Ball, location: 2F 0-2: Ball 1-2: Ball 2-2: Foul Ball, location: 2F 2-2: Foul Ball, location: 2F 2-2: Ball 3-2: SINGLE (Groundball, 4MD, EV 100.6 MPH) Ruben Garza scores Randy Boone to third Runner from 3rd tries for Home, SAFE, throw by CF to home
|
|
Batting: RHB Jaime Dubicki
|
0-0: Ball 1-0: SINGLE (Groundball, 5S, EV 73.1 MPH) (infield hit) Tomohiro Yokoyama to second
|
|
Batting: RHB Andrew DeRicco
|
0-0: Ball 1-0: Called Strike 1-1: Swinging Strike 1-2: Foul Ball, location: 2F 1-2: Foul Ball, location: 2F 1-2: Strikes out swinging, 2-3 out at first.
|
| Bottom of the 1st over - 2 runs, 3 hits, 1 error, 2 left on base; Miami (APP) 0 - Bristol 2 |
| TOP OF THE 2ND |
|
Miami (APP) Marlins batting - Pitching for Bristol Pirates : RHP George Sechler
|
|
Batting: SHB Matt Moore
|
0-0: Ball 1-0: Ball 2-0: Ball 3-0: Called Strike 3-1: Called Strike 3-2: Strikes out swinging
|
|
Batting: RHB Keith Bennett
|
0-0: Ball 1-0: Called Strike 1-1: Called Strike 1-2: Ball 2-2: Foul Ball, location: 2F 2-2: Foul Ball, location: 2F 2-2: Ball 3-2: Strikes out swinging
|
|
Batting: RHB Rick Knoblauch
|
0-0: Called Strike 0-1: Ball 1-1: Reached on error, E6 (Groundball, 6, EV 78.1 MPH)
|
|
Batting: LHB Gavrilo Brkic
|
0-0: Fielders Choice at 2nd, 6-4 (Groundball, 6, EV 83.8 MPH)
|
| Top of the 2nd over - 0 runs, 0 hits, 1 error, 1 left on base; Miami (APP) 0 - Bristol 2 |
| BOTTOM OF THE 2ND |
|
Bristol Pirates batting - Pitching for Miami (APP) Marlins : RHP Jeremy Akande
|
|
Pitching: RHP Matt Alexander
|
|
|
Batting: RHB Rob Colley
|
0-0: Foul Ball, location: 2F 0-1: Ball 1-1: Ball 2-1: Ball 3-1: Base on Balls
|
|
Batting: RHB Gilberto Victoria
|
0-0: Ball 1-0: Called Strike 1-1: Called Strike 1-2: Strikes out swinging
|
|
Batting: LHB Ruben Garza
|
0-0: Ball Wild Pitch! Rob Colley to second 1-0: Called Strike 1-1: Ball 2-1: Ball 3-1: Base on Balls
|
|
Batting: RHB Randy Bergman
|
0-0: Ball 1-0: Ball 2-0: Foul Ball, location: 2F 2-1: Foul Ball, location: 2F 2-2: Foul Ball, location: 2F 2-2: Ball 3-2: Hit by Pitch Rob Colley to third Ruben Garza to second
|
|
Pitching: LHP Tyler Murders
|
|
|
Batting: LHB Randy Boone
|
0-0: Ball 1-0: Ball 2-0: Ball 3-0: Called Strike 3-1: Base on Balls Rob Colley scores Ruben Garza to third Randy Bergman to second
|
|
Batting: RHB Etsuro Hosokawa
|
0-0: Ball 1-0: Fly out, F7 (Flyball, 7, EV 91.9 MPH) Runner from 3rd tags up, SCORES, throw by LF
|
|
Batting: LHB Tomohiro Yokoyama
|
0-0: Called Strike 0-1: Ball 1-1: Foul Ball, location: 2F 1-2: Ground out U3 (Groundball, 3, EV 86.9 MPH)
|
| Bottom of the 2nd over - 2 runs, 0 hits, 0 errors, 2 left on base; Miami (APP) 0 - Bristol 4 |
| TOP OF THE 3RD |
|
Miami (APP) Marlins batting - Pitching for Bristol Pirates : RHP George Sechler
|
|
Batting: LHB Melvin Castro
|
0-0: Ball 1-0: Called Strike 1-1: Foul Ball, location: 2F 1-2: Ball 2-2: Strikes out looking
|
|
Batting: LHB Bryan Wedge
|
0-0: Foul Ball, location: 2F 0-1: Ball 1-1: Foul Ball, location: 2F 1-2: Ball 2-2: Strikes out looking
|
|
Batting: RHB Adrian Bocker
|
0-0: Ball 1-0: Ball 2-0: Called Strike 2-1: Ball 3-1: Base on Balls
|
|
Batting: RHB Jason Thrash
|
0-0: Ball 1-0: Called Strike 1-1: Foul Ball, location: 2F 1-2: Foul Ball, location: 2F 1-2: Ball 2-2: Strikes out looking
|
| Top of the 3rd over - 0 runs, 0 hits, 0 errors, 1 left on base; Miami (APP) 0 - Bristol 4 |
| BOTTOM OF THE 3RD |
|
Bristol Pirates batting - Pitching for Miami (APP) Marlins : LHP Tyler Murders
|
|
Batting: RHB Jaime Dubicki
|
0-0: Ball 1-0: Called Strike 1-1: SINGLE (Groundball, 4MD, EV 96.2 MPH)
|
|
Batting: RHB Andrew DeRicco
|
0-0: Called Strike 0-1: Ball 1-1: Ball 2-1: Called Strike 2-2: Fielders Choice at 2nd, 6-4 (Groundball, 6, EV 80.6 MPH)
|
|
Batting: RHB Rob Colley
|
0-0: Ball 1-0: Foul Ball, location: 2F 1-1: Ball 2-1: Ball 3-1: Base on Balls Andrew DeRicco to second
|
|
Batting: RHB Gilberto Victoria
|
0-0: Foul Ball, location: 2F 0-1: Ball 1-1: Called Strike 1-2: Ball 2-2: SINGLE (Groundball, 6D, EV 97.5 MPH) Andrew DeRicco to third Rob Colley to second
|
|
Batting: LHB Ruben Garza
|
0-0: Ball 1-0: Called Strike 1-1: DOUBLE (Groundball, 3L, EV 107.5 MPH) Andrew DeRicco scores Rob Colley scores Gilberto Victoria to third
|
|
Batting: RHB Randy Bergman
|
0-0: Ball 1-0: Swinging Strike 1-1: Ball 2-1: Ball 3-1: Foul Ball, location: 2F 3-2: Strikes out swinging
|
|
Batting: LHB Randy Boone
|
0-0: Called Strike 0-1: Swinging Strike 0-2: SINGLE (Line Drive, 78S, EV 86.2 MPH) Gilberto Victoria scores Ruben Garza to third Runner from 3rd tries for Home, SAFE, throw by LF to home
|
|
Batting: RHB Etsuro Hosokawa
|
0-0: Ball 1-0: Ball 2-0: Called Strike 2-1: 2-RUN HOME RUN (Flyball, 78XD, EV 98.8 MPH), Distance : 423 ft
|
|
Pitching: RHP Adam Brown
|
|
|
Batting: LHB Tomohiro Yokoyama
|
0-0: Ball 1-0: Called Strike 1-1: Called Strike 1-2: Foul Ball, location: 2F 1-2: Fly out, F5 (Popup, 56S, EV 80.0 MPH)
|
| Bottom of the 3rd over - 6 runs, 5 hits, 0 errors, 0 left on base; Miami (APP) 0 - Bristol 10 |
| TOP OF THE 4TH |
|
Miami (APP) Marlins batting - Pitching for Bristol Pirates : RHP George Sechler
|
|
Batting: RHB Mario Cota
|
0-0: Called Strike 0-1: Ball 1-1: Ground out 5-3 (Groundball, 56S, EV 83.8 MPH)
|
|
Batting: SHB Matt Moore
|
0-0: Called Strike 0-1: Ground out 4-3 (Groundball, 4, EV 88.1 MPH)
|
|
Batting: RHB Keith Bennett
|
0-0: Ball 1-0: Ball 2-0: Fly out, F4 (Popup, 4, EV 75.0 MPH)
|
| Top of the 4th over - 0 runs, 0 hits, 0 errors, 0 left on base; Miami (APP) 0 - Bristol 10 |
| BOTTOM OF THE 4TH |
|
Bristol Pirates batting - Pitching for Miami (APP) Marlins : RHP Adam Brown
|
|
Batting: RHB Jaime Dubicki
|
0-0: Ball 1-0: Called Strike 1-1: Foul Ball, location: 2F 1-2: Ground out U3 (Groundball, 3L, EV 102.5 MPH)
|
|
Batting: RHB Andrew DeRicco
|
0-0: Ball 1-0: Foul Ball, location: 2F 1-1: Ground out 5-3 (Groundball, 56, EV 84.4 MPH)
|
|
Batting: RHB Rob Colley
|
0-0: Ground out U3 (Groundball, 34S, EV 68.8 MPH)
|
| Bottom of the 4th over - 0 runs, 0 hits, 0 errors, 0 left on base; Miami (APP) 0 - Bristol 10 |
| TOP OF THE 5TH |
|
Miami (APP) Marlins batting - Pitching for Bristol Pirates : RHP George Sechler
|
|
Batting: RHB Rick Knoblauch
|
0-0: Called Strike 0-1: Ball 1-1: Swinging Strike 1-2: Foul Ball, location: 2F 1-2: Foul Ball, location: 2F 1-2: Ball 2-2: Strikes out swinging
|
|
Batting: LHB Gavrilo Brkic
|
0-0: Called Strike 0-1: Ball 1-1: Foul Ball, location: 2F 1-2: Strikes out looking
|
|
Batting: LHB Melvin Castro
|
0-0: Ball 1-0: Ball 2-0: Called Strike 2-1: Foul Ball, location: 2F 2-2: Foul Ball, location: 2F 2-2: Strikes out looking
|
| Top of the 5th over - 0 runs, 0 hits, 0 errors, 0 left on base; Miami (APP) 0 - Bristol 10 |
| BOTTOM OF THE 5TH |
|
Bristol Pirates batting - Pitching for Miami (APP) Marlins : RHP Adam Brown
|
|
Batting: RHB Gilberto Victoria
|
0-0: Ball 1-0: SINGLE (Groundball, 6D, EV 99.4 MPH)
|
|
Batting: LHB Ruben Garza
|
0-0: Foul Ball, location: 2F 0-1: TRIPLE (Flyball, 7D, EV 98.8 MPH) Gilberto Victoria scores
|
|
Batting: RHB Randy Bergman
|
0-0: Ball 1-0: Ball 2-0: Foul Ball, location: 2F 2-1: Ball 3-1: Base on Balls
|
|
Pitching: LHP Mike Wasson
|
|
|
Batting: LHB Randy Boone
|
0-0: Foul Ball, location: 2F 0-1: Ball 1-1: Swinging Strike 1-2: Ball 2-2: Foul Ball, location: 2F 2-2: Foul Ball, location: 2F 2-2: Strikes out swinging
|
|
Batting: RHB Etsuro Hosokawa
|
0-0: Foul Ball, location: 2F 0-1: Ball 1-1: Ball 2-1: Ball 3-1: Foul Ball, location: 2F 3-2: Base on Balls Randy Bergman to second
|
|
Batting: LHB Tomohiro Yokoyama
|
0-0: Ball 1-0: Foul Ball, location: 2F 1-1: Foul Ball, location: 2F 1-2: Ball 2-2: Ball 3-2: Fielders Choice at 2nd, 5-4 (Groundball, 5, EV 83.8 MPH) Ruben Garza scores Randy Bergman to third
|
|
Batting: RHB Jaime Dubicki
|
0-0: Called Strike 0-1: Ball 1-1: Foul Ball, location: 2F 1-2: Ball 2-2: Foul Ball, location: 2F 2-2: Strikes out looking
|
| Bottom of the 5th over - 2 runs, 2 hits, 0 errors, 2 left on base; Miami (APP) 0 - Bristol 12 |
| TOP OF THE 6TH |
|
Miami (APP) Marlins batting - Pitching for Bristol Pirates : RHP George Sechler
|
|
Batting: LHB Bryan Wedge
|
0-0: Called Strike 0-1: Ball 1-1: Ball 2-1: Called Strike 2-2: Foul Ball, location: 2F 2-2: Strikes out swinging
|
|
Batting: RHB Adrian Bocker
|
0-0: Ball 1-0: Called Strike 1-1: Ball 2-1: SINGLE (Groundball, 6D, EV 108.8 MPH)
|
|
Batting: RHB Jason Thrash
|
0-0: Called Strike 0-1: Ball 1-1: Called Strike 1-2: Strikes out looking
|
|
Batting: RHB Mario Cota
|
0-0: Ball 1-0: Ball 2-0: Called Strike 2-1: Called Strike 2-2: Foul Ball, location: 2F 2-2: Ball 3-2: Strikes out swinging
|
| Top of the 6th over - 0 runs, 1 hit, 0 errors, 1 left on base; Miami (APP) 0 - Bristol 12 |
| BOTTOM OF THE 6TH |
|
Bristol Pirates batting - Pitching for Miami (APP) Marlins : LHP Mike Wasson
|
|
Batting: RHB Andrew DeRicco
|
0-0: Called Strike 0-1: Foul Ball, location: 2F 0-2: Strikes out swinging
|
|
Batting: RHB Rob Colley
|
0-0: Ball 1-0: Ground out 6-3 (Groundball, 6S, EV 87.5 MPH)
|
|
Batting: RHB Gilberto Victoria
|
0-0: Ball 1-0: Ball 2-0: Fly out, F9 (Flyball, 89D, EV 92.5 MPH)
|
| Bottom of the 6th over - 0 runs, 0 hits, 0 errors, 0 left on base; Miami (APP) 0 - Bristol 12 |
| TOP OF THE 7TH |
|
Miami (APP) Marlins batting - Pitching for Bristol Pirates : RHP George Sechler
|
|
Batting: SHB Matt Moore
|
0-0: Swinging Strike 0-1: Called Strike 0-2: Ball 1-2: Strikes out swinging
|
|
Batting: RHB Keith Bennett
|
0-0: Fly out, F8 (Flyball, 8LD, EV 90.0 MPH)
|
|
Batting: RHB Rick Knoblauch
|
0-0: Ball 1-0: Foul Ball, location: 2F 1-1: Foul Ball, location: 2F 1-2: Strikes out looking
|
| Top of the 7th over - 0 runs, 0 hits, 0 errors, 0 left on base; Miami (APP) 0 - Bristol 12 |
| BOTTOM OF THE 7TH |
|
Bristol Pirates batting - Pitching for Miami (APP) Marlins : LHP Mike Wasson
|
|
Batting: LHB Ruben Garza
|
0-0: Ball 1-0: Ball 2-0: Ball 3-0: Called Strike 3-1: Reached on error, E2 (Groundball, 13S, EV 75.6 MPH)
|
|
Batting: RHB Randy Bergman
|
0-0: Called Strike 0-1: Ball 1-1: Ball 2-1: Ball 3-1: SINGLE (Line Drive, 8RS, EV 106.2 MPH) Ruben Garza to third
|
|
Batting: LHB Randy Boone
|
0-0: Fielders Choice at 2nd, 5-4 (Groundball, 56, EV 81.2 MPH) Ruben Garza scores
|
|
Batting: RHB Etsuro Hosokawa
|
0-0: Ball 1-0: Called Strike 1-1: Swinging Strike 1-2: Ball 2-2: Ball Passed Ball! Randy Boone to second 3-2: Foul Ball, location: 2F 3-2: Base on Balls
|
|
Batting: LHB Tomohiro Yokoyama
|
0-0: Ball 1-0: Ball 2-0: Fly out, F5 (Popup, 5DF, EV 50.0 MPH)
|
|
Batting: RHB Jaime Dubicki
|
0-0: Ball 1-0: Ball 2-0: Swinging Strike 2-1: Ball 3-1: Base on Balls Randy Boone to third Etsuro Hosokawa to second
|
|
Batting: RHB Andrew DeRicco
|
0-0: Ball 1-0: Called Strike 1-1: Fly out, F9 (Flyball, 89M, EV 84.4 MPH)
|
| Bottom of the 7th over - 1 run, 1 hit, 1 error, 3 left on base; Miami (APP) 0 - Bristol 13 |
| TOP OF THE 8TH |
|
Miami (APP) Marlins batting - Pitching for Bristol Pirates : RHP George Sechler
|
|
Pitching: LHP Phil DeCamp
|
|
|
Batting: LHB Gavrilo Brkic
|
0-0: Ball 1-0: Called Strike 1-1: Foul Ball, location: 2F 1-2: Strikes out swinging
|
|
Batting: LHB Melvin Castro
|
0-0: Called Strike 0-1: Foul Ball, location: 2F 0-2: Ball 1-2: Strikes out swinging, 2-3 out at first.
|
|
Batting: LHB Bryan Wedge
|
0-0: Ball 1-0: Swinging Strike 1-1: Ball 2-1: Foul Ball, location: 2F 2-2: Ball 3-2: Strikes out looking
|
| Top of the 8th over - 0 runs, 0 hits, 0 errors, 0 left on base; Miami (APP) 0 - Bristol 13 |
| BOTTOM OF THE 8TH |
|
Bristol Pirates batting - Pitching for Miami (APP) Marlins : LHP Mike Wasson
|
|
Batting: RHB Rob Colley
|
0-0: Called Strike 0-1: Foul Ball, location: 2F 0-2: Ball 1-2: Foul Ball, location: 2F 1-2: Ball 2-2: Ball 3-2: SINGLE (Groundball, 4D, EV 99.4 MPH)
|
|
Batting: RHB Gilberto Victoria
|
0-0: Swinging Strike 0-1: Ball 1-1: Called Strike 1-2: Foul Ball, location: 2F 1-2: Foul Ball, location: 2F 1-2: Strikes out swinging
|
|
Batting: LHB Ruben Garza
|
0-0: Fly out, F4 (Flyball, 4D, EV 92.5 MPH)
|
|
Batting: RHB Randy Bergman
|
0-0: Ball 1-0: SINGLE (Line Drive, 7LS, EV 109.4 MPH) Rob Colley to second
|
|
Batting: LHB Randy Boone
|
0-0: Ball 1-0: Foul Ball, location: 2F 1-1: SINGLE (Groundball, 4MD, EV 101.9 MPH) Rob Colley to third Randy Bergman to second Runner from 3rd tries for Home, SAFE, throw by CF to home
|
|
Batting: RHB Etsuro Hosokawa
|
0-0: Ball 1-0: Swinging Strike 1-1: Ball 2-1: Ball Wild Pitch! Randy Bergman to third Randy Boone to second 3-1: Base on Balls
|
|
Batting: LHB Tomohiro Yokoyama
|
0-0: Called Strike 0-1: Ball 1-1: Ball 2-1: Called Strike 2-2: Ball 3-2: Base on Balls Randy Bergman scores Randy Boone to third Etsuro Hosokawa to second
|
|
Batting: RHB Jaime Dubicki
|
0-0: Ball 1-0: SINGLE (Line Drive, 34, EV 95.6 MPH) Randy Boone scores Etsuro Hosokawa to third Tomohiro Yokoyama to second Runner from 3rd tries for Home, throw by RF and OUT! 9-2
|
| Bottom of the 8th over - 3 runs, 4 hits, 0 errors, 2 left on base; Miami (APP) 0 - Bristol 16 |
| TOP OF THE 9TH |
|
Miami (APP) Marlins batting - Pitching for Bristol Pirates : LHP Phil DeCamp
|
|
Batting: RHB Adrian Bocker
|
0-0: Called Strike 0-1: Foul Ball, location: 2F 0-2: Ball 1-2: Strikes out looking
|
|
Batting: RHB Jason Thrash
|
0-0: Swinging Strike 0-1: Foul Ball, location: 2F 0-2: Strikes out swinging
|
|
Batting: RHB Mario Cota
|
0-0: Foul Ball, location: 2F 0-1: Fly out, F9 (Flyball, 89M, EV 77.5 MPH)
|
| Top of the 9th over - 0 runs, 0 hits, 0 errors, 0 left on base; Miami (APP) 0 - Bristol 16 |
|